 Dungeon Crawl Stone Soup version 0.28-a0-794-gafe8c5f9e9 (webtiles) character file.

Game seed: 17478929035428975679

688 siradein the Skirmisher (level 7, -3/53 (56) HPs)
             Began as a Demonspawn Berserker on Nov 5, 2021.
             Was a Priest of Trog.
             Slain by a scorpion (4 damage)
             ... on level 5 of the Dungeon.
             The game lasted 00:17:12 (4850 turns).

siradein the Skirmisher (Demonspawn Berserker)      Turns: 4850, Time: 00:17:13

HP:   -3/53 (56)    AC: 11    Str: 19    XL:     7   Next: 36%
MP:   7/7           EV: 11    Int:  8    God:    Trog [***...]
Gold: 129           SH:  0    Dex: 15    Spells: 6/6 levels left

rFire   . . .      SeeInvis .   a - +0 hand axe
rCold   . . .      Faith    .   (no shield)
rNeg    . . .      Spirit   .   p - +0 plate armour
rPois   .          Reflect  .   (helmet restricted)
rElec   .          Harm     .   (no cloak)
rCorr   .          Rampage  .   (no gloves)
Will    ++...                   (no boots)
Stlth   ..........              (no amulet)
HPRegen 1.17/turn               b - +4 ring of evasion
MPRegen 0.10/turn               (no ring)

@: lethally poisoned (-3 -> -3), strong-willed, on berserk cooldown,
regenerating, slowed, drained, very slow
A: antennae 2, thin skeletal structure 1, foul stench 1
a: Renounce Religion, Berserk, Trog's Hand


You were on level 5 of the Dungeon.
You worshipped Trog.
Trog was most pleased with you.
You visited 1 branch of the dungeon, and saw 5 of its levels.

You collected 189 gold pieces.
You spent 60 gold pieces at shops.

Inventory:

Hand Weapons
 a - a +0 hand axe (weapon)
Missiles
 q - 8 poisoned darts (quivered)
Armour
 p - a +0 plate armour (worn)
Jewellery
 b - a +4 ring of evasion (left hand)
Wands
 l - a wand of paralysis (11)
 n - a wand of mindburst (17)
Scrolls
 d - a scroll of immolation
 h - a scroll of blinking
 j - a scroll of teleportation {unknown}
 k - 2 scrolls of magic mapping
 o - 2 scrolls of fog {unknown}
 s - a scroll of enchant weapon {unknown}
 t - a scroll of identify
Potions
 c - a potion of mutation {unknown}
 e - 3 potions of curing {unknown}
 f - a potion of brilliance {unknown}
 g - 2 potions of haste {unknown}
 i - a potion of magic {unknown}
 m - a potion of lignification {unknown}
 r - a potion of ambrosia {unknown}


   Skills:
 + Level 5.0 Fighting
 + Level 4.5 Axes
 + Level 4.0 Armour
 + Level 4.0 Dodging


You had 6 spell levels left.
You didn't know any spells.
Your spell library was empty.

Dungeon Overview and Level Annotations

Branches:
Dungeon (5/15)
 Temple: D:4-7

Altars:
Ru
Sif Muna
Wu Jian
Yredelemnul
Zin

Shops:
D:2 *

Portals:
Abyss: D:3

Annotations:
D:3 2 transporters, ytrimaz's ghost, amateur OgBe


Innate Abilities, Weirdness & Mutations

You have a pair of antennae on your head.
You have a somewhat thin skeletal structure. (Dex +2, Stealth+)
You may rarely emit foul miasma when damaged in melee.


Message History

You see here a +0 giant spiked club.
You hit the white imp but do no damage.
A scorpion comes into view.
The white imp closely misses you.
You slash the white imp!
The white imp is severely wounded.
The white imp gestures at you. The puff of frost hits you!
You closely miss the white imp.
The white imp is severely wounded.
You slash the white imp!
You kill the white imp!
Trog accepts your kill.
Found 11 gold pieces.
The iguana barely misses you.
You slash the iguana!
The iguana is heavily wounded.
You are no longer berserk.
You are exhausted.
You feel yourself slow down.
You barely miss the iguana.
The iguana is heavily wounded.
The iguana bites you. The scorpion stings you.
You are poisoned.
The scorpion poisons you! The iguana bites you.
The scorpion stings you but does no damage.
You are too injured to fight recklessly!
Unknown command.
Your skin crawls.
You feel strong-willed.
You feel very sick. The iguana bites you. The scorpion misses you.
The iguana bites you!
* * * LOW HITPOINT WARNING * * *
You feel very sick. The scorpion stings you.
* * * LOW HITPOINT WARNING * * *
You see here a +0 giant spiked club.
* * * LOW HITPOINT WARNING * * *
You feel very sick. The scorpion stings you.
You die...

#{##.#..#.##
#....# #
##.#..#.##{
#....# #
##.#..#.##{
#....# #
{##.#..#.##
###### #
##.#..#.##{
# ##.#.(#.##
##.#..#.##
##......#
#..#.#@#
#..#.###s#
..#.###..l#
# ###....##
#....#$.
...##.##.#
$# # .# ##


You could see a scorpion and an iguana.

Vanquished Creatures
  2 ogres
  An orc warrior (D:4)
  A scorpion (D:4)
  A howler monkey (D:4)
  A hound (D:4)
  A bullfrog skeleton (D:4)
  A centaur skeleton (D:4)
  2 orc wizards (D:4)
  Robin (D:4)
  A howler monkey skeleton (D:5)
  7 adders
  A white imp (D:5)
  An ufetubus (D:5)
  4 dart slugs
  9 orcs
  5 endoplasms
  A giant cockroach (D:1)
  15 goblins
  12 hobgoblins
  4 jackals
  6 quokkas
  6 ball pythons
  5 bats
  4 frilled lizards
  4 kobolds
  3 rats
  A spectral orc (D:3)
100 creatures vanquished.

Vanquished Creatures (others)
  10 fungi
  8 plants (D:1)
18 creatures vanquished.

Grand Total: 118 creatures vanquished

Notes
Turn   | Place    | Note
-------+----------+-------------------------------------------
     0 | D:1      | siradein the Demonspawn Berserker began the quest for the
                  | Orb.
     0 | D:1      | Reached XP level 1. HP: 18/18 MP: 1/1
   119 | D:1      | Gained mutation: You may rarely emit foul miasma when
                  | damaged in melee. [demonic ancestry]
   119 | D:1      | Reached XP level 2. HP: 9/24 MP: 2/2
   659 | D:1      | Found a faded altar of an unknown god.
  1001 | D:1      | Gained mutation: You have a pair of small antennae on your
                  | head. [demonic ancestry]
  1001 | D:1      | Reached XP level 3. HP: 26/29 MP: 3/3
  1244 | D:1      | Reached ** piety under Trog
  1529 | D:2      | Found an ornate altar of the Wu Jian Council.
  1874 | D:2      | Found Xyrop's General Store.
  1880 | D:2      | Bought a scroll of identify for 22 gold pieces
  2154 | D:2      | Gained mutation: You have a pair of antennae on your head.
                  | [demonic ancestry]
  2154 | D:2      | Reached XP level 4. HP: 18/35 MP: 4/4
  2422 | D:3      | Found a one-way gate to the infinite horrors of the Abyss.
  2422 | D:3      | Noticed ytrimaz's ghost (amateur OgBe)
  2422 | D:3      | Noticed a small abomination
  2546 | D:3      | Found a basalt altar of Yredelemnul.
  2787 | D:3      | Noticed a toenail golem
  2820 | D:3      | Found a transporter.
  2822 | D:3      | Found a transporter.
  3191 | D:2      | Bought a scroll of magic mapping for 38 gold pieces
  3265 | D:4      | Noticed Robin
  3267 | D:4      | Noticed a scorpion
  3282 | D:4      | Killed a scorpion
  3283 | D:4      | Gained mutation: You have a somewhat thin skeletal
                  | structure. (Dex +2, Stealth+) [demonic ancestry]
  3283 | D:4      | Reached XP level 5. HP: 42/42 MP: 5/5
  3287 | D:4      | Killed Robin
  3475 | D:4      | Reached skill level 4 in Fighting
  3812 | D:4      | Noticed an orc warrior
  3822 | D:4      | Killed an orc warrior
  3823 | D:4      | Reached XP level 6. HP: 49/49 MP: 6/6
  3823 | D:4      | Reached *** piety under Trog
  3830 | D:4      | Found a shimmering blue altar of Sif Muna.
  4200 | D:4      | Reached XP level 7. HP: 50/55 MP: 7/7
  4250 | D:4      | Found a sacrificial altar of Ru.
  4587 | D:5      | Entered Level 5 of the Dungeon
  4839 | D:5      | Reached skill level 5 in Fighting
  4850 | D:5      | HP: 1/53 [poisoned by a scorpion]
  4850 | D:5      | Slain by a scorpion

Illustrated notes

Levels and vault maps discovered:
D:1:      heliophobic_arrival_henge, layout_loops_ring,
          shapermc_ecumenical_altar_mp_urbaneastern
D:2:      layout_loops_ring, serial_shops, shop, basic_altar,
          chequers_serial_rivers_marsh
D:3:      layout_loops_ring, mainiacjoe_overflow_small_starburst,
          yredelemnul_forgotten_temple_becter, gammafunk_ghost_abyssal_escape,
          kennysheep_generic_room_12
D:4:      layout_loops_ring, nicolae_ru_great_annihilating_truth,
          mainiacjoe_overflow_cross_hatched, uniq_robin
D:5:      minmay_razor_zed, layout_basic, eat_drink_and_be_merry_uskayaw

Skill      XL: |  1  2  3  4  5  6  7 |
---------------+----------------------+-----
Armour         | 2 3 4 |  4.0
Dodging        | 2 3 4 |  4.0
Axes           | 3 4 |  4.5
Fighting       | 4 5 |  5.0

Action                   |  1- 3 |  4- 6 |  7- 9 || total
-------------------------+-------+-------+-------++-------
Melee: Hand axe          |   126 |   145 |    55 ||   326
Invok: Berserk           |     1 |     3 |     1 ||     5
       Trog's Hand       |       |       |     1 ||     1
  Use: Scroll            |     1 |     2 |       ||     3
 Stab: Sleeping          |     1 |     1 |       ||     2
Armor: Animal skin       |    11 |       |       ||    11
       Ring mail         |    25 |    42 |       ||    67
       Plate armour      |       |    11 |    24 ||    35
Dodge: Dodged            |    69 |   112 |    26 ||   207

Table legend: (Time is in decaauts)
 A = Elapsed time spent in this place.
 B = Non-inter-level travel time spent in this place.
 C = Inter-level travel time spent in this place.
 D = Time resting spent in this place.
 E = Time spent auto-exploring this place.
 F = Levels seen in this place.
 G = Mean time per level.
                   A        B        C        D        E       F      G
               +--------+--------+--------+--------+--------+-----+--------+
         Total |   4927 |   4729 |    198 |     40 |   3945 |   5 |  985.4 |
       Dungeon |   4927 |   4729 |    198 |     40 |   3945 |   5 |  985.4 |
               +--------+--------+--------+--------+--------+-----+--------+

Top non-repeatable levels by time:
     D:1: 1395 daAuts
     D:4: 1373 daAuts
     D:2: 1107 daAuts
     D:3: 787 daAuts
     D:5: 263 daAuts
